 Dungeon Crawl Stone Soup version 0.19-a0-1907-gcff654f (webtiles) character file.

146 LORDOFBUTT the Chopper (level 5, -8/47 HPs)
             Began as a Hill Orc Fighter on Oct 22, 2016.
             Killed from afar by an orc wizard (10 damage)
             ... with a puff of flame
             ... on level 3 of the Dungeon.
             The game lasted 00:01:30 (1424 turns).

LORDOFBUTT the Chopper (Hill Orc Fighter)           Turns: 1424, Time: 00:01:31

Health: -8/47      AC:  7    Str: 24    XL:     5   Next: 28%
Magic:  5/5        EV:  8    Int:  8    God:
Gold:   124        SH: 10    Dex: 11    Spells: 0 memorised, 4 levels left

rFire  . . .     SeeInvis .     a - +0 war axe
rCold  . . .     Gourm    .     b - +0 scale mail
rNeg   . . .     Faith    .     c - +0 shield
rPois  .         Spirit   .     (no helmet)
rElec  .         Reflect  .     (no cloak)
rCorr  .         Harm     .     (no gloves)
MR     .....                    (no boots)
Stlth  ..........               (no amulet)
                                (no ring)
                                (no ring)

@: mighty
A: no striking features
a: no special abilities


You were on level 3 of the Dungeon.
You were not hungry.

You visited 1 branch of the dungeon, and saw 3 of its levels.

You collected 124 gold pieces.

Inventory:

Hand Weapons
 a - a +0 war axe (weapon)
Armour
 b - a +0 scale mail (worn)
 c - a +0 shield (worn)
Jewellery
 h - an uncursed ring of poison resistance {unknown}
Scrolls
 e - 6 scrolls of identify {unknown}
 g - a scroll of magic mapping {unknown}
 k - a scroll of enchant weapon {unknown}
 l - a scroll of fear {unknown}
 m - a scroll of recharging {unknown}
 n - a scroll of remove curse {unknown}
Potions
 i - a potion of curing {unknown}
 o - a potion of flight {unknown}
 p - a potion of agility {unknown}
 q - a potion of brilliance {unknown}
Comestibles
 f - a bread ration
 j - 2 slices of pizza
 r - 3 chunks of flesh


   Skills:
 + Level 4.4 Fighting
 + Level 4.6 Axes
 + Level 4.0 Armour
 + Level 0.7 Dodging
 + Level 4.1 Shields


You had 4 spell levels left.
You didn't know any spells.

Dungeon Overview and Level Annotations

Branches:
Dungeon (3/15)

Altars:


Message History

You slash the orc!
You kill the orc!
Your Armour skill increases to level 4!
The orc closely misses you. You block the orc's attack.
You see here the felid corpse of Natasha.
You closely miss the orc. You hit the orc. You block the orc's attack. x2
The orc hits you.
* * * LOW HITPOINT WARNING * * *
An orc wizard comes into view. It is wielding a dagger of speed.
The orc wizard shouts!
You slice the orc!!
You kill the orc!
You slash the orc!
You kill the orc!
You hear a shout!
You block the orc's attack.
You closely miss the orc.
The orc wizard points at you and mumbles some strange words.
The puff of flame hits you!
You die...

.# ##.#w# ....## .
....###.# ..w... #
#...#
..##.####o..#
......o[..#.###
###.##@#.....#####
#.#...<.....#
..#####....$.?
..## #..##.# #.#
#=.< #. ###.. .. .
.#


You could see an orc wizard, a dart slug and an orc.

Vanquished Creatures
  Natasha (D:3)
  Robin (D:2)
  2 adders (D:2)
  2 oozes
  A worm (D:2)
  2 dart slugs (D:2)
  5 orcs (D:3)
  2 giant cockroaches (D:1)
  16 goblins
  11 hobgoblins
  4 jackals
  9 kobolds
  6 bats
  2 frilled lizards
  4 rats
68 creatures vanquished.

Notes
Turn   | Place    | Note
-------+----------+-------------------------------------------
     0 | D:1      | LORDOFBUTT the Hill Orc Fighter began the quest for the Orb.
     0 | D:1      | Reached XP level 1. HP: 19/19 MP: 1/1
   114 | D:1      | Reached XP level 2. HP: 25/27 MP: 2/2
   457 | D:1      | Reached XP level 3. HP: 31/33 MP: 3/3
   786 | D:2      | Reached XP level 4. HP: 24/40 MP: 4/4
   957 | D:2      | Noticed Robin
   971 | D:2      | Killed Robin
  1404 | D:3      | Noticed Natasha
  1419 | D:3      | Reached XP level 5. HP: 7/46 MP: 5/5
  1420 | D:3      | Killed Natasha
  1422 | D:3      | HP: 1/47 [orc (3)]
  1424 | D:3      | Killed from afar by an orc wizard

Vault maps used:
D:1:      ncdulo_halloftheorcs
D:2:      cheibrodos_greedy_goblins, uniq_robin
D:3:      grunt_gozag_statues, first_bread, uniq_natasha

Skill      XL: |  1  2  3  4  5 |
---------------+----------------+-----
Fighting       | 4 |  4.4
Axes           | 3 4 |  4.6
Shields        | 4 |  4.1
Armour         | 4 |  4.0
Dodging        | |  0.7

Action                   |  1- 3 |  4- 6 || total
-------------------------+-------+-------++-------
Melee: War axe           |    79 |    88 ||   167
  Use: Potion            |       |     1 ||     1
  Eat: Chunk             |       |     2 ||     2
Armor: Scale mail        |    32 |    44 ||    76
Dodge: Dodged            |    27 |    34 ||    61
Block: Shield            |    42 |    57 ||    99
